 Dungeon Crawl Stone Soup version 0.30.1-11-g7821555f0a (webtiles) character file.

Game seed: 10120789645566544030

114 lonewolfV2 the Trooper (level 5, -8/43 HPs)
             Began as a Formicid Fighter on Nov 2, 2023.
             Killed by divine providence
             ... invoked by an orc priest
              (13 damage)
             ... on level 3 of the Dungeon.
             The game lasted 00:02:34 (1941 turns).

lonewolfV2 the Trooper (Formicid Fighter)           Turns: 1941, Time: 00:02:35

Health: -8/43      AC: 11    Str: 23    XL:     5   Next: 18%
Magic:  5/5        EV:  8    Int:  7    God:
Gold:   127        SH:  5    Dex: 13    Spells: 4/4 levels left

rFire   . . .        a - +0 war axe
rCold   . . .        c - +0 buckler
rNeg    . . .        j - +0 chain mail
rPois   +            (helmet unavailable)
rElec   .            (no cloak)
rCorr   .            g - +1 pair of gloves
SInv    +            (no boots)
Will    .....        (no amulet) Stlth
                     e - ring of poison resistance
HPRegen 0.27/turn    (no ring)
MPRegen 0.09/turn

%: no passive effects
@: lethally poisoned (-8 -> -9)
A: permanent stasis, dig shafts and tunnels, antennae 3, four strong arms
a: Dig, Shaft Self


You were on level 3 of the Dungeon.
You visited 1 branch of the dungeon, and saw 3 of its levels.

You collected 127 gold pieces.

Inventory:

Hand Weapons
 a - a +0 war axe (weapon)
Armour
 c - a +0 buckler (worn)
 g - a +1 pair of gloves (worn)
 j - a +0 chain mail (worn)
Jewellery
 e - a ring of poison resistance (left hand)
 k - a ring of protection from fire
Potions
 b - a potion of attraction {unknown}
 d - 3 potions of might
 f - a potion of haste {unknown}
 h - a potion of degeneration {unknown}
 i - a potion of flight {unknown}


   Skills:
 + Level 4.3 Fighting
 * Level 4.2 Axes
 - Level 3.2 Armour
 - Level 4.0 Shields


You had 4 spell levels left.
You didn't know any spells.
Your spell library was empty.

Dungeon Overview and Level Annotations

Branches:
Dungeon (3/15)

Altars:
Yredelemnul


Innate Abilities, Weirdness & Mutations

You cannot be hasted, slowed, berserked, paralysed or teleported.
You can dig through walls and to a lower floor.
You have a pair of large antennae on your head. (SInv)
Your four strong arms can wield two-handed weapons with a shield.


Message History

You block the orc priest's attack.
The orc priest invokes the aid of Beogh against you.
Beogh smites you!
You hit the orc priest.
You kill the orc priest!
Your Axes skill increases to level 4!
You have reached level 5!
You slash the orc!
You kill the orc!
The orc priest looks braver for a moment.
You closely miss the orc.
The orc priest miscasts a cantrip.
The orc hits you with a +0 mace. x2
* * * LOW HITPOINT WARNING * * *
You slash the orc!
You kill the orc!
The adder bites you but does no damage.
You closely miss the adder. You block the adder's attack.
An orc comes into view. It is wielding a +0 falchion.
The adder closely misses you.
You closely miss the adder.
The orc shouts!
You hear a shout!
An orc wizard comes into view. It is wielding a +0 dagger.
The adder bites you but does no damage. You block the adder's attack.
The orc wizard moves out of view.
You miss the adder. The adder bites you but does no damage.
You completely miss the adder.
The adder bites you but does no damage. x2
You barely miss the adder. The adder bites you.
* * * LOW HITPOINT WARNING * * *
The adder barely misses you.
An orc comes into view. It is wielding a +0 dagger.
You closely miss the adder. The adder bites you but does no damage.
The adder bites you.
* * * LOW HITPOINT WARNING * * *
You are poisoned.
The adder poisons you!
You miss the adder.
You feel sick.
The orc priest invokes the aid of Beogh against you.
Beogh smites you!
You die...

#.................
#....#########)...
###.#..#........####
#.._...#.######.####
#.#.#..# #..........
#.#....# #.####.####
#......# #.####
###.#### #<..<. #@#
###### #S# #o#


oo# #..o #... #.... ..... #..... You could see an orc priest, an orc wizard, an
adder and 2 orcs.

Vanquished Creatures
  An orc priest (D:3)
  Robin (D:2)
  A worm (D:2)
  A dart slug (D:2)
  3 orcs (D:3)
  5 bats
  6 endoplasms
  A giant cockroach (D:1)
  10 goblins
  11 hobgoblins
  8 kobolds
  3 ball pythons (D:1)
  3 frilled lizards
  5 rats
59 creatures vanquished.

Notes
Turn   | Place    | Note
-------+----------+-------------------------------------------
     0 | D:1      | lonewolfV2 the Formicid Fighter began the quest for the
                  | Orb.
     0 | D:1      | Reached XP level 1. HP: 18/18 MP: 1/1
   105 | D:1      | Reached XP level 2. HP: 3/24 MP: 2/2
   417 | D:1      | Reached XP level 3. HP: 30/30 MP: 3/3
  1120 | D:2      | Noticed Robin
  1144 | D:2      | Killed Robin
  1145 | D:2      | Reached XP level 4. HP: 19/37 MP: 4/4
  1911 | D:3      | Found a basalt altar of Yredelemnul.
  1932 | D:3      | Reached XP level 5. HP: 15/42 MP: 5/5
  1941 | D:3      | Killed from afar by an orc priest

Illustrated notes

Levels and vault maps discovered:
D:1:      heliophobic_arrival_ceremonial_halls, layout_loops_ring,
          minmay_hexomino_u4
D:2:      layout_basic, uniq_robin
D:3:      layout_basic, lemuel_crystal_altar, st_stairs_4,
          kennysheep_generic_room_13

Skill      XL: |  1  2  3  4 |
---------------+-------------+-----
Axes           | 3 4 |  4.2
Fighting       | 4 |  4.3
Armour         | |  3.2
Shields        | |  4.0

Action                     |  1- 3 |  4- 6 || total
---------------------------+-------+-------++-------
  Melee: War axe           |    87 |    49 ||   136
Ability: Dig               |     5 |       ||     5
    Use: Scroll            |     1 |     1 ||     2
 Armour: Scale mail        |    40 |       ||    40
         Chain mail        |    17 |    26 ||    43
  Dodge: Dodged            |    56 |    15 ||    71
  Block: Buckler           |    36 |    12 ||    48
